 Dungeon Crawl Stone Soup version 0.21-a0-38-g95c5c02 (webtiles) character file.

16889 KristoblXynda the Carver (level 12, 0/78 HPs)
             Began as a Demonspawn Gladiator on May 29, 2017.
             Was a High Priest of Makhleb.
             Slain by an orc warrior
             ... wielding a +0 glaive
              (5 damage)
             ... on level 12 of the Dungeon.
             The game lasted 00:50:21 (14933 turns).

KristoblXynda the Carver (Demonspawn Gladiator)    Turns: 14933, Time: 00:50:22

Health: 0/78       AC:  4    Str: 14    XL:     12   Next: 14%
Magic:  16/16      EV: 14    Int: 15    God:    Makhleb [*****.]
Gold:   630        SH:  6    Dex: 20    Spells: 11/11 levels left

rFire    + . .     SeeInvis +   u - +4 falchion (vamp)
rCold    . . .     Gourm    +   a - +0 buckler
rNeg     . . .     Faith    .   e - +5 ring mail "Ywytitop" {rElec Int+2}
rPois    .         Spirit   .   b - +1 helmet
rElec    +         Reflect  .   r - +0 cloak
rCorr    .         Harm     .   (no gloves)
MR       .....     Clarity  +   i - +0 pair of boots (curse)
Stlth    +.........             t - amulet of the gourmand
Regen    0.3/turn               k - +3 ring of dexterity
MPRegen  0.2/turn               q - ring of protection from fire

@: corroded, heavily drained
A: talons 1, icy blue scales 2, see invisible, clarity, foul stench 1, powered
by pain 2, rot immunity
a: Minor Destruction, Lesser Servant of Makhleb, Major Destruction, Greater
Servant of Makhleb, Renounce Religion


You were on level 12 of the Dungeon.
You worshipped Makhleb.
Makhleb was extremely pleased with you.
You were very full.

You visited 4 branches of the dungeon, and saw 15 of its levels.

You collected 630 gold pieces.

Inventory:

Hand Weapons
 u - a +4 vampiric falchion (weapon)
 y - a +3 great sword of freezing
 E - a +0 scimitar
Missiles
 d - 5 throwing nets (quivered)
Armour
 a - a +0 buckler (worn)
 b - a +1 helmet (worn)
 e - the +5 ring mail "Ywytitop" (worn) {rElec Int+2}
   (You took it off an orc on level 8 of the Dungeon)

   It affects your intelligence (+2).
   It insulates you from electricity.
 i - a cursed +0 pair of boots (worn)
 r - a +0 cloak (worn)
Jewellery
 k - a +3 ring of dexterity (left hand)
 q - a ring of protection from fire (right hand)
 t - an amulet of the gourmand (around neck)
 v - an uncursed ring of resist corrosion
Wands
 g - a wand of acid (1/15)
Scrolls
 j - 4 scrolls of remove curse
 x - a scroll of identify
Potions
 c - a potion of berserk rage
 l - 3 potions of brilliance
 m - 5 potions of flight
 o - a potion of cancellation
 s - a potion of haste
 A - a potion of agility
Comestibles
 f - 9 bread rations
 h - 7 meat rations
 n - 17 royal jellies
 B - 4 fruits


   Skills:
 - Level 2.0(0.4) Fighting
 + Level 10.6(8.6) Long Blades
 - Level 2.1(0.5) Throwing
 + Level 10.4(8.4) Armour
 + Level 7.2(5.4) Dodging
 - Level 6.2(4.4) Shields
 - Level 4.2(2.5) Unarmed Combat
 - Level 6.1(4.4) Invocations


You had 11 spell levels left.
You didn't know any spells.

Dungeon Overview and Level Annotations

Branches:
Dungeon (12/15)            Temple (1/1) D:4            Lair (1/6) D:9
    Orc (1/2) D:10

Altars:
Ashenzari
Cheibriados
Dithmenos
Elyvilon
Fedhas
Gozag
Hepliaklqana
Kikubaaqudgha
Makhleb
Nemelex Xobeh
Okawaru
Qazlal
Ru
Sif Muna
Trog
Uskayaw
Vehumet
Xom
Yredelemnul
Zin
The Shining One

Shops:
D:8 ?   D:11 (

Annotations:
D:3 yukitheduck's ghost, amateur HOFi
D:10 vuev's ghost, journeyman MiGl
Lair:1 Borgoz's ghost, journeyman GrFi


Innate Abilities, Weirdness & Mutations

You are mostly covered in icy blue scales. (AC +3)
You may emit foul miasma when damaged in melee.
You sometimes gain power by taking damage.
You are immune to rotting.
You have sharp toenails.
You have supernaturally acute eyesight. (SInv)
You possess an exceptional clarity of mind.


Message History

You block the vampire mosquito's attack.
The vampire mosquito bites you.
* * * LOW HITPOINT WARNING * * *
The vampire mosquito draws strength from your injuries!
You barely miss the orc priest.
You block the vampire mosquito's attack.
The vampire mosquito closely misses you.
You riposte.
You barely miss the vampire mosquito.
The vampire mosquito completely misses you.
You block the vampire mosquito's attack.
The orc priest calls down the wrath of Beogh upon you.
Beogh smites you!
* * * LOW HITPOINT WARNING * * *
The orc priest closely misses you.
You riposte.
You hit the orc priest but do no damage.
Unknown command.
An orc comes into view. It is wielding an enchanted whip.
The orc shouts!
The orc warrior hits you from afar with a glaive.
You die...

....o.. # ....... .
....... . .......#### .
.......... #
........o###########
.........#.........#
.......@o#.........#
#......oy#.........# .#
#...)...y# ..y.... ..#
#......KV# .... ....
+......Ky####'######....
#.......Ky.Ky(..........
........K.......(......#
#####......K...........#
###.........((.....#


You could see a vampire (invisible), an orc warrior, 4 vampire mosquitoes, a big
kobold, 2 orc priests, an orc and 3 kobolds.

Vanquished Creatures
  A two-headed ogre (D:8)
  A centaur warrior (D:8)
  Nergalle (D:12)
  A manticore (D:11)
  2 ugly things (D:11)
  Joseph (D:10)
  A centaur zombie (D:11)
  A kobold demonologist (D:12)
  A troll (D:11)
  A hornet (D:11)
  2 hippogriffs
  Sigmund (D:4)
  7 spriggans (D:11)
  A wraith (D:11)
  Eustachio (D:5)
  3 wyverns
  10 yaks
  4 hogs (D:7)
  A hungry ghost (D:11)
  A human (D:7)
  A steam dragon (D:11)
  3 vampire mosquitoes (D:12)
  A porcupine (Lair:1)
  8 orc warriors
  4 ice beasts
  2 phantoms
  2 black bears
  3 sky beasts
  2 necrophages
  A hornet zombie (D:8)
  5 ogres
  4 centaurs
  A crocodile (Lair:1)
  2 big kobolds
  7 bullfrogs
  2 scorpions
  A water moccasin skeleton (D:10)
  2 wyvern skeletons (D:11)
  18 killer bees
  3 wights
  2 electric eels (D:10)
  A howler monkey (D:7)
  5 crimson imps
  A quasit (Lair:1)
  10 orc priests
  2 bullfrog zombies
  9 jellies
  2 bullfrog skeletons (D:7)
  6 hounds
  2 centaur skeletons
  7 iguanas
  Ijyb (D:5)
  12 orc wizards
  14 worker ants
  A hound zombie (D:6)
  2 hound skeletons
  14 gnolls
  16 adders
  3 shadow imps
  2 oozes
  4 adder skeletons
  6 dart slugs
  4 leopard geckos
  57 orcs
  5 ball pythons
  2 bat zombies (D:8)
  5 giant cockroaches
  7 hobgoblins
  11 jackals
  19 kobolds
  11 quokkas
  6 bats
  8 frilled lizards
  8 goblins
  A leopard gecko skeleton (D:5)
  A leopard gecko zombie (D:5)
  8 rats
  A rat zombie (D:8)
  A fungus (D:8)
391 creatures vanquished.

Vanquished Creatures (others)
  A rat (D:3)
  A fungus (D:8)
2 creatures vanquished.

Grand Total: 393 creatures vanquished

Notes
Turn   | Place    | Note
-------+----------+-------------------------------------------
     0 | D:1      | KristoblXynda the Demonspawn Gladiator began the quest for the Orb.
     0 | D:1      | Reached XP level 1. HP: 16/16 MP: 1/1
   199 | D:1      | Gained mutation: You are immune to rotting. [demonic ancestry]
   199 | D:1      | Reached XP level 2. HP: 19/22 MP: 2/2
   362 | D:1      | Gained mutation: You may emit foul miasma when damaged in melee. [demonic ancestry]
   362 | D:1      | Reached XP level 3. HP: 27/27 MP: 3/3
   957 | D:2      | Gained mutation: You are partially covered in icy blue scales. (AC +2) [demonic ancestry]
   957 | D:2      | Reached XP level 4. HP: 27/33 MP: 4/4
   970 | D:2      | Reached skill level 1 in Armour
  1867 | D:3      | Noticed an ice beast
  1964 | D:2      | Gained mutation: You are mostly covered in icy blue scales. (AC +3) [demonic ancestry]
  1964 | D:2      | Reached XP level 5. HP: 21/38 MP: 5/5
  2964 | D:4      | Noticed Sigmund
  3010 | D:4      | Killed Sigmund
  3010 | D:4      | Reached skill level 1 in Unarmed Combat
  3010 | D:4      | Gained mutation: You sometimes gain a little power by taking damage. [demonic ancestry]
  3010 | D:4      | Reached XP level 6. HP: 38/44 MP: 6/6
  3049 | D:4      | Noticed Eustachio
  3194 | D:4      | Reached skill level 5 in Long Blades
  3768 | D:4      | Found a staircase to the Ecumenical Temple.
  3774 | Temple   | Entered the Ecumenical Temple
  3924 | Temple   | Became a worshipper of Makhleb the Destroyer
  4035 | D:3      | Noticed yukitheduck's ghost (amateur HOFi)
  4038 | D:4      | Reached XP level 7. HP: 50/50 MP: 7/7
  4752 | D:5      | Entered Level 5 of the Dungeon
  5085 | D:5      | Killed Eustachio
  5085 | D:5      | Reached * piety under Makhleb
  5139 | D:5      | Noticed Ijyb
  5151 | D:5      | Killed Ijyb
  5159 | D:5      | Reached XP level 8. HP: 19/56 MP: 8/8
  5470 | D:5      | Reached skill level 5 in Armour
  5517 | D:5      | Gained mutation: Your spells are a little harder to cast, but a little more powerful. [mutagenic meat]
  5518 | D:5      | Gained mutation: You have supernaturally acute eyesight. (SInv) [mutagenic meat]
  5519 | D:5      | Gained mutation: You tend to lose your temper in combat. [mutagenic meat]
  5727 | D:5      | Lost mutation: You have supernaturally acute eyesight. (SInv) [potion of mutation]
  5727 | D:5      | Lost mutation: You tend to lose your temper in combat. [potion of mutation]
  5727 | D:5      | Lost mutation: Your spells are a little harder to cast, but a little more powerful. [potion of mutation]
  5727 | D:5      | Gained mutation: Your skin changes colour to match your surroundings (Stealth+). [potion of mutation]
  5727 | D:5      | Gained mutation: You possess an exceptional clarity of mind. [potion of mutation]
  5949 | D:6      | Reached skill level 1 in Invocations
  6032 | D:6      | Reached skill level 1 in Shields
  6147 | D:6      | Found an opulent altar of Gozag.
  6611 | D:6      | Reached ** piety under Makhleb
  7302 | D:7      | Reached XP level 9. HP: 29/61 MP: 11/11
  7681 | D:7      | Found a shimmering altar of Xom.
  8230 | D:7      | Reached *** piety under Makhleb
  8328 | D:7      | Reached skill level 5 in Invocations
  8748 | D:8      | Noticed a centaur warrior
  8961 | D:8      | Lost mutation: You possess an exceptional clarity of mind. [potion of mutation]
  8961 | D:8      | Lost mutation: Your skin changes colour to match your surroundings (Stealth+). [potion of mutation]
  8961 | D:8      | Gained mutation: You are completely covered in icy blue scales. (AC +4, rC+) [potion of mutation]
  8961 | D:8      | Lost mutation: You are completely covered in icy blue scales. (AC +4, rC+) [potion of mutation]
  8961 | D:8      | Gained mutation: You possess an exceptional clarity of mind. [potion of mutation]
  8961 | D:8      | Gained mutation: You are agile. (Dex +2) [potion of mutation]
  8963 | D:8      | Noticed a two-headed ogre
  8972 | D:8      | Killed a two-headed ogre
  8972 | D:8      | Gained mutation: You sometimes gain power by taking damage. [demonic ancestry]
  8972 | D:8      | Reached XP level 10. HP: 39/67 MP: 14/14
  8980 | D:8      | Reached skill level 5 in Shields
  8981 | D:8      | Found Puste's Magic Scroll Emporium.
  9332 | D:8      | Found a shadowy altar of Dithmenos.
  9391 | D:8      | Found an ancient bone altar of Kikubaaqudgha.
  9455 | D:8      | Killed a centaur warrior
  9574 | D:8      | Got an ichor-stained ring mail
  9585 | D:8      | Identified the +5 ring mail "Ywytitop" {rElec Int+2} (You took it off an orc on level 8 of the Dungeon)
 10000 | D:8      | Reached **** piety under Makhleb
 10117 | D:9      | Noticed a death yak
 10120 | D:9      | Noticed a death yak
 10156 | D:9      | Found a staircase to the Lair.
 10156 | D:9      | Noticed a death yak
 10537 | D:9      | Found a glowing golden altar of the Shining One.
 10884 | D:9      | Gained mutation: You have supernaturally acute eyesight. (SInv) [mutagenic meat]
 10975 | Lair:1   | Entered Level 1 of the Lair of Beasts
 10998 | Lair:1   | Lost mutation: You are agile. (Dex +2) [mutagenic meat]
 11192 | Lair:1   | Gained mutation: You have sharp toenails. [mutagenic meat]
 11227 | Lair:1   | Noticed Borgoz's ghost (journeyman GrFi)
 11238 | Lair:1   | Reached XP level 11. HP: 67/72 MP: 15/15
 11271 | D:10     | Entered Level 10 of the Dungeon
 11522 | D:10     | Noticed vuev's ghost (journeyman MiGl)
 12005 | D:10     | Reached ***** piety under Makhleb
 12095 | D:10     | Found a staircase to the Orcish Mines.
 12163 | D:10     | Reached skill level 5 in Dodging
 12226 | Orc:1    | Entered Level 1 of the Orcish Mines
 12258 | Orc:1    | Noticed an orc knight
 12528 | D:10     | Noticed Joseph
 12560 | D:10     | Killed Joseph
 12780 | D:10     | Found a snail-covered altar of Cheibriados.
 13112 | D:11     | Noticed a white ugly thing
 13140 | D:11     | Killed a white ugly thing
 13267 | D:11     | Reached skill level 10 in Long Blades
 13473 | D:11     | Noticed a red ugly thing
 13512 | D:11     | Killed a red ugly thing
 13512 | D:11     | Reached skill level 10 in Armour
 13640 | D:11     | Found Souxkiub's Antique Weapon Shop.
 13873 | D:11     | Noticed a death knight
 14448 | D:12     | Reached XP level 12. HP: 72/78 MP: 16/16
 14485 | D:12     | Noticed Nergalle
 14562 | D:12     | Killed Nergalle
 14933 | D:12     | Slain by an orc warrior

Vault maps used:
D:1:      sevenhm_arrival_forest_fort_large_4, corexii_corridor_pit
D:3:      hangedman_abyss_or_decor_lesser_grid, tgw_sif
D:4:      minmay_temple_entry_hall, first_bread, uniq_eustachio, uniq_sigmund
D:5:      uniq_ijyb
D:6:      kennysheep_mini, serial_co_window_serial, co_window_paths_b,
          co_window_of_opportunity_a, co_window_paths_a, co_window_corner_a,
          co_window_of_opportunity_a, co_window_corner_cb, co_window_2corner,
          co_window_corner_ca, glass_columns_a, glass_columns_a,
          glass_columns_a, glass_columns_b, glass_columns_b,
          kennysheep_generic_room_8
D:7:      grunt_livestock, xom_teletrap_fun
D:8:      lemuel_zombie_altar_kikubaaqudgha, serial_shops, shop,
          minmay_gold_behind_fungi, nicolae_dithmenos_through_a_glass_darkly
D:9:      kennysheep_little_box, gammafunk_temple_overflow_statue,
          dpeg_lair_monsters
D:10:     erik_orc_2, basic_altar, uniq_joseph
D:11:     kb_forest_paths, serial_shops, nicolae_shop_crystal, minivault_27
D:12:     uniq_nergalle
Temple:   eino_temple_rhombus
Lair:1:   uniq_erica

Skill      XL: |  1  2  3  4  5  6  7  8  9 10 11 12 |
---------------+-------------------------------------+-----
Throwing       | 2 |  2.1
Dodging        | 3 4 6 7 |  7.2
Long Blades    | 3 4 5 6 7 9 10 | 10.6
Armour         | 2 3 4 5 7 8 10 | 10.4
Unarmed Combat | 1 2 3 4 |  4.2
Invocations    | 3 6 |  6.1
Shields        | 2 4 6 |  6.2
Fighting       | |  2.0

Action                   |  1- 3 |  4- 6 |  7- 9 | 10-12 || total
-------------------------+-------+-------+-------+-------++-------
Melee: Long sword        |    78 |   229 |   131 |       ||   438
       Falchion          |       |       |   464 |  1312 ||  1776
       Punch             |       |       |    10 |       ||    10
       Great sword       |       |       |       |     2 ||     2
Evoke: Wand              |       |       |     1 |     6 ||     7
  Use: Scroll            |       |     9 |    16 |    10 ||    35
       Potion            |       |     3 |     3 |    10 ||    16
 Stab: Sleeping          |     3 |       |    10 |     1 ||    14
       Distracted        |       |       |     1 |       ||     1
  Eat: Chunk             |     4 |    18 |    27 |    29 ||    78
Armor: Leather armour    |    20 |    32 |   195 |       ||   247
       Chain mail        |    11 |    12 |       |       ||    23
       Plate armour      |       |   123 |    56 |       ||   179
       Ring mail         |       |       |    20 |   451 ||   471
       Skin              |       |       |       |    14 ||    14
Dodge: Dodged            |    51 |   101 |   454 |   737 ||  1343
Block: Buckler           |       |       |    58 |   405 ||   463
       Rpst.: Long sword |    18 |    22 |    40 |       ||    80
       Falchion          |       |       |    98 |   222 ||   320
